Unix NetHack Version 5.0.0-0 post-release - last build Jul 19 2026 19:10:59 (3aa4ab31751d3886436d94b585a96704892fd477,branch:main).

Game began 2026-07-18 18:43:33, ended 2026-07-20 13:52:47.

A4Paper, chaotic female elven Wizard

                                  .....
                                ....)).|   ...
                                .<)...%--  ...|
                                --......--....---....---....
                                   ......%%......%..).).%....-
                                       |.---........-----.....|
                                                         .....--
                                                           ....--
                                                            ....--
                                                            .@..^---.
                                                            .........
                                                             |.......
                                                                 ---

A4Paper the Conjurer      St:10 Dx:17 Co:14 In:17 Wi:9 Ch:9  Chaotic S:978
Dlvl:4  $:26 HP:26(32) Pw:32(57) AC:9  Xp:5/193 T:875  Satiated

Latest messages:
 You see here a gnome lord corpse.
 The gnome wields a bow!
 You kill the gnome!
 You see here a scroll labeled XOR OTA.
 I - a scroll labeled XOR OTA.
 You hit the gnome.
 You kill the gnome!
 The gnome swings his bow.
 The gnome hits!
 You kill the gnome!
 v - a lembas wafer (2 in total).
 The gnome throws a dart!
 You are almost hit by a dart.
 The gnome throws a dart!
 You are hit by a dart.
 You hit the gnome!
 The gnome turns to flee.
 You kill the gnome!
 Really save? [yn] (n)
 Saving...
 Restoring save file...
 Hello A4Paper, the elven Wizard, welcome back to NetHack!
 In what direction?
 You feel better.
 A bear trap closes on your foot!
 You are caught in a bear trap.
 You are caught in a bear trap.
 You are caught in a bear trap.
 You are caught in a bear trap.
 You finally wriggle free.
 The newt just misses!
 You kill the newt!
 What do you want to wield? [- aH or ?*]
 Never mind.
 What do you want to read? [kltyBI or ?*]
 As you read the scroll, it disappears.
 Your cloak of magic resistance smoulders!
 Your cloak of magic resistance smoulders further!
 Your cloak of magic resistance smoulders completely!
 #
 Really quit without saving? [yn] (n)
 Do you want your possessions identified? [ynq] (y)

Inventory:
 Coins    ('$')
  $ - 26 gold pieces
 Weapons  (')')
  H - a very rusty +0 dart
  a - a blessed +1 quarterstaff (weapon in hands)
 Armor    ('[')
  C - a blessed +0 pair of elven boots
  q - an uncursed +0 pair of speed boots (being worn)
  b - an uncursed thoroughly burnt +0 cloak of magic resistance (being worn)
 Comestibles  ('%')
  s - 2 uncursed slime molds
  r - an uncursed candy bar labeled "The Small Bar"
  w - an uncursed food ration
  z - 2 cursed food rations
  v - 2 uncursed lembas wafers
  A - a cursed tin of spinach
 Scrolls  ('?')
  t - an uncursed scroll of confuse monster
  I - a cursed scroll of create monster
  B - a blessed scroll of teleportation
 Spellbooks  ('+')
  k - a blessed spellbook of force bolt
  l - an uncursed spellbook of healing
 Potions  ('!')
  h - an uncursed potion of booze
  g - a blessed potion of confusion
  D - an uncursed potion of full healing
  f - an uncursed potion of healing
 Rings    ('=')
  p - an uncursed ring of fire resistance
  d - an uncursed +2 ring of increase damage (on right hand)
  e - an uncursed ring of poison resistance (on left hand)
  F - an uncursed ring of slow digestion
 Wands    ('/')
  c - a wand of cancellation (0:6)
 Tools    ('(')
  o - an uncursed wooden flute
  n - an uncursed blindfold
  G - a can of grease (0:18)
  m - a magic marker (0:20)
 Gems/Stones  ('*')
  j - 2 uncursed worthless pieces of black glass
  E - an uncursed worthless piece of blue glass
  x - an uncursed worthless piece of green glass

A4Paper the Wizard's attributes:

Background:
 You were a Conjurer, a level 5 female elven Wizard.
 You were chaotic, on a mission for Anhur
 who was opposed by Ptah (lawful) and Thoth (neutral).
 You were right-handed.
 You were in the Gnomish Mines, on level 4.
 You entered the dungeon 875 turns ago.
 You had 193 experience points, 127 more were needed to attain level 6.
 Your score was 978 before end-of-game adjustments.

Basics:
 You had 26 out of 32 hit points.
 You had 32 out of 57 energy points (spell power).
 Your armor class was 9.
 Your wallet contained 26 zorkmids.
 Autopickup was off.

Final Characteristics:
 Your strength was 10 (limit:18).
 Your dexterity was 17 (base:18, limit:18).
 Your constitution was 14 (limit:16).
 Your intelligence was 17 (limit:20).
 Your wisdom was 9 (limit:20).
 Your charisma was 9 (limit:18).

Final Status:
 You had a wounded left leg.
 You were satiated.
 You were unencumbered.
 You were wielding a quarterstaff.
 You had basic skill with quarterstaff.

Final Attributes:
 You were devoutly aligned.
 You were magic-protected.
 You were sleep resistant.
 You were poison resistant.
 You had infravision.
 You had a small damage bonus (+2).
 You were warded.
 You were very fast.
 You survived.

Miscellaneous:
 You didn't encounter any bones levels.
 Total elapsed playing time was 6 minutes and 22 seconds.

Major events:
 Turn
    1: A4Paper the chaotic female elven Wizard entered the dungeon
  492: entered the Gnomish Mines
  513: attained the rank of Conjurer (level 3)
  875: quit

Spells:
 Name                 Level Category     Fail Retention
 force bolt             1   attack         0%  91%-100%
 healing                1   healing        0%  76%-100%

Skills:
 Fighting Skills
   bare handed combat [Unskilled]
   riding             [Unskilled]
 Weapon Skills
   dagger             [Unskilled]
   knife              [Unskilled]
   axe                [Unskilled]
   short sword        [Unskilled]
   club               [Unskilled]
   mace               [Unskilled]
   quarterstaff       [Basic]
   polearms           [Unskilled]
   spear              [Unskilled]
   trident            [Unskilled]
   sling              [Unskilled]
   dart               [Unskilled]
   shuriken           [Unskilled]
 Spellcasting Skills
   attack spells      [Basic]
   healing spells     [Unskilled]
   divination spells  [Unskilled]
   enchantment spells [Basic]
   clerical spells    [Unskilled]
   escape spells      [Unskilled]
   matter spells      [Unskilled]

Voluntary challenges:
 Character rerolling was not enabled.
 You were an atheist.
 You never genocided any monsters.
 You never polymorphed an object.
 You never changed form.
 You used no wishes.
Achievements:
 You entered the Gnomish Mines.
 You attained the rank of Conjurer.

 The Dungeons of Doom: levels 1 to 2
    Level 1:
    Level 2:
       Stairs down to The Gnomish Mines.
 The Gnomish Mines: levels 3 to 4
    Level 3:
    Level 4: <- You were here.


Vanquished creatures:
  3 gnome leaders
  a kitten
  2 dwarves
  a green mold
 18 gnomes
  2 geckos
  4 jackals
  2 lichens
  4 newts
37 creatures vanquished.

No species were genocided or became extinct.

Goodbye A4Paper the Wizard...

You quit in The Gnomish Mines on dungeon level 4 with 978 points,
and 26 pieces of gold, after 875 moves.
You were level 5 with a maximum of 32 hit points when you quit.

